 Dungeon Crawl Stone Soup version 0.22.1-5-g62c59d919a (webtiles) character file.

107 H0rd4k the Charlatan (level 5, -6/37 HPs)
             Began as a Human Artificer on Jan 9, 2019.
             Killed themself with a badly aimed fireball (16 damage)
             ... on level 3 of the Dungeon.
             The game lasted 00:03:32 (3064 turns).

H0rd4k the Charlatan (Human Artificer)              Turns: 3064, Time: 00:03:33

Health: -6/37      AC:  3    Str: 13    XL:     5   Next: 11%
Magic:  7/7        EV: 12    Int: 12    God:
Gold:   158        SH:  0    Dex: 13    Spells: 4/4 levels left

rFire    . . .     SeeInvis .   a - +0 short sword
rCold    . . .     Gourm    .   (no shield)
rNeg     . . .     Faith    .   b - +0 leather armour
rPois    .         Spirit   .   (no helmet)
rElec    .         Reflect  .   (no cloak)
rCorr    .         Harm     .   (no gloves)
MR       .....                  (no boots)
Stlth    +.........             (no amulet)
HPRegen  0.12/turn              (no ring)
MPRegen  0.10/turn              (no ring)

@: no status effects
A: no striking features
a: no special abilities


You were on level 3 of the Dungeon.
You were not hungry.

You visited 1 branch of the dungeon, and saw 3 of its levels.

You collected 158 gold pieces.

Inventory:

Hand Weapons
 a - a +0 short sword (weapon)
Missiles
 i - 32 bolts
 s - 10 arrows
Armour
 b - a +0 leather armour (worn)
 j - a +1 pair of gloves
 m - a +0 pair of gloves
 p - a +0 pair of gloves
Jewellery
 r - a cursed ring of teleportation {unknown}
Wands
 d - a wand of enslavement (15)
 e - a wand of random effects (14)
 u - a wand of digging (6)
Scrolls
 k - 2 scrolls of teleportation {unknown}
 n - a scroll of fear {unknown}
 q - 2 scrolls of identify {unknown}
 t - 4 scrolls of remove curse {unknown}
 x - 2 scrolls of enchant armour {unknown}
Potions
 g - a potion of haste {unknown}
 h - 2 potions of agility {unknown}
 l - a potion of invisibility {unknown}
 o - a potion of brilliance {unknown}
 v - a potion of ambrosia {unknown}
 w - a potion of flight {unknown}
Comestibles
 f - 4 rations


   Skills:
 + Level 1.3 Fighting
 + Level 2.1 Short Blades
 + Level 1.7 Armour
 + Level 2.8 Dodging
 + Level 1.2 Stealth
 + Level 3.8 Evocations


You had 4 spell levels left.
You didn't know any spells.
Your spell library was empty.

Dungeon Overview and Level Annotations

Branches:
Dungeon (3/15)

Altars:
Cheibriados
Ru
The Shining One

Annotations:
D:2 exclusion: downstairs


Message History

The orc hits you.
* * * LOW HITPOINT WARNING * * *
Evoke which item? (* to show all) (? for menu, Esc to quit)
You don't have any such object.
Evoke which item? (* to show all) (? for menu, Esc to quit)
Okay, then.
Evoke which item? (* to show all) (? for menu, Esc to quit)
Aiming: Random Effects
Press: ? - help, Shift-Dir - straight line, f - orc
Aim: an orc (lightly wounded)
The bolt of negative energy misses the orc.
The orc barely misses you.
Evoke which item? (* to show all) (? for menu, Esc to quit)
Aiming: Random Effects
Press: ? - help, Shift-Dir - straight line, f/p - orc
Aim: an orc (lightly wounded)
The fireball explodes!
The fireball engulfs the orc.
You kill the orc!
The fireball engulfs you!
You die...

#.......#.#..(..
#.......#.#.....
+........(..((..
#.......#.#....(
+.........#.#... ##
#.......###.#..# #.
.........<#.....
#.###############.#
#.@$..............#
#################..
..........
..........
########## . #
..########### #
#..(........######
#.................


There were no monsters in sight!

Vanquished Creatures
  An adder (D:3)
  3 gnolls
  An ooze (D:1)
  A worm (D:3)
  A dart slug (D:1)
  2 leopard geckos (D:1)
  2 orcs (D:3)
  3 bats
  2 giant cockroaches
  9 goblins
  4 hobgoblins
  10 kobolds
  3 quokkas (D:2)
  A ball python (D:2)
  8 frilled lizards
  3 rats
54 creatures vanquished.

Notes
Turn   | Place    | Note
-------+----------+-------------------------------------------
     0 | D:1      | H0rd4k the Human Artificer began the quest for the Orb.
     0 | D:1      | Reached XP level 1. HP: 15/15 MP: 3/3
    69 | D:1      | Reached XP level 2. HP: 6/21 MP: 4/4
   418 | D:1      | Reached XP level 3. HP: 12/26 MP: 5/5
  1117 | D:1      | Reached skill level 1 in Armour
  1344 | D:2      | Reached XP level 4. HP: 32/32 MP: 6/6
  1493 | D:2      | Found a sacrificial altar of Ru.
  1770 | D:2      | Found a snail-covered altar of Cheibriados.
  1797 | D:2      | Found a glowing golden altar of the Shining One.
  2645 | D:3      | Reached XP level 5. HP: 29/37 MP: 7/7
  3064 | D:3      | Killed themself with a badly aimed fireball

Skill      XL: |  1  2  3  4 |
---------------+-------------+-----
Armour         | 1 |  1.7
Short Blades   | 2 |  2.1
Fighting       | |  1.3
Dodging        | |  2.8
Stealth        | |  1.2
Evocations     | |  3.8

Action                   |  1- 3 |  4- 6 || total
-------------------------+-------+-------++-------
Melee: Short sword       |    90 |   137 ||   227
Evoke: Wand              |     5 |    11 ||    16
 Stab: Sleeping          |       |     1 ||     1
  Eat: Chunk             |     1 |     3 ||     4
       Ration            |       |     1 ||     1
Armor: Leather armour    |    21 |    25 ||    46
Dodge: Dodged            |    50 |    85 ||   135
